[Event "CZE-ch U16 Open 2023"]
[Site "Teplice"]
[Date "2023.03.16"]
[Round "7.1"]
[White "Lang, Simon"]
[Black "Prazak, Daniel"]
[Result "1/2-1/2"]
[ECO "C67"]
[WhiteElo "1974"]
[BlackElo "2064"]
[Annotator "TA"]
[PlyCount "64"]
[EventDate "2023.03.09"]
[EventType "swiss"]
[EventCountry "CZE"]
[SourceTitle "playchess.com"]
[Source "ChessBase"]
[SourceQuality "1"]
[TimeControl "40/5400+30:1800+30"]

1. e4 e5 2. Nf3 Nc6 3. Bb5 Nf6 4. O-O Nxe4 5. Re1 Nd6 6. Nxe5 Be7 7. Bf1 Nxe5 8. Rxe5 O-O 9. d4 Bf6 10. Re1 Re8 {[%emt 0:02:23] C67: Ruy Lopez: Berlin Defence: 4 0-0 Nxe4.} 11. d5 Rxe1 12. Qxe1 b6 13. Nc3 Bb7 14. Bf4 Bxc3 15. Qxc3 Bxd5 16. Rd1 {[%emt 0:06:08] [#]} Be6 $146 ({Predecessor:} 16... Bc6 17. Bxd6 cxd6 18. Rxd6 Qe7 19. Rd3 Re8 20. Re3 Qf8 21. h3 g6 22. Bc4 Rxe3 23. Qxe3 {½-½ Munguntuul,B (2426)-Shen,Y (2459) CHN-chT China 2015 (20.6)}) 17. Bxd6 cxd6 18. Rxd6 Rc8 19. Qd2 Qf6 20. c3 Qe5 21. a4 g6 22. Qd4 Qe1 {[%emt 0:01:03] The position is equal.} 23. Qd1 Qe5 (23... Qxd1 {simplifies} 24. Rxd1 Kf8 25. f3 Rc5) 24. Qd4 Qe1 {[%emt 0:00:36] [#] Strongly threatening ...Bc4.} 25. Qd1 Qe5 (25... Qxd1 {simplifies} 26. Rxd1 Kf8 27. Rd4 Ke7) 26. g3 Rc5 27. Qd4 Qe1 {[%emt 0:01:43] White must now prevent ...Bc4.} 28. Qd1 $1 Qe5 29. Qd4 Qe1 {[%emt 0:00:07] [#] ...Re5 would be deadly.} 30. Qd1 $1 Qe5 31. Qd4 Qe1 {[%emt 0:00:10] Hoping for ...Re5.} 32. Qd1 $1 Qe5 {[%emt 0:00:09] An even fight not without its subleties.   Weighted Error Value: White=0.05 (flawless) /Black=0.04 (flawless)} 1/2-1/2

[Event "CZE-ch U16 Open 2023"]
[Site "Teplice"]
[Date "2023.03.16"]
[Round "7.2"]
[White "Tillmann, Stanislav"]
[Black "Fizer, Marek"]
[Result "0-1"]
[ECO "B92"]
[WhiteElo "1907"]
[BlackElo "1929"]
[Annotator "TA"]
[PlyCount "142"]
[EventDate "2023.03.09"]
[EventType "swiss"]
[EventCountry "CZE"]
[SourceTitle "playchess.com"]
[Source "ChessBase"]
[SourceQuality "1"]
[TimeControl "40/5400+30:1800+30"]

1. e4 c5 2. Nf3 d6 3. d4 cxd4 4. Nxd4 Nf6 5. Nc3 a6 6. Be2 e5 7. Nf3 Be7 8. Bg5 Be6 9. O-O O-O 10. Bxf6 Bxf6 11. Nd5 {[%emt 0:00:13] B92: Sicilian Najdorf: 6 Be2.} Nd7 12. Bc4 Qc8 13. Bb3 {[%emt 0:12:03] [#] The position is equal.} Qc6 $146 ({Predecessor:} 13... Bd8 14. Qe2 Nc5 15. Rfd1 Kh8 16. Nd2 b5 17. a4 bxa4 18. Ba2 Rb8 19. Nc4 Qc6 {1-0 Cassi,E (1965)-Saravanan,D (1736) Wch U20 Girls 38th 2022 (10)}) 14. Qe2 Bd8 15. Rad1 Nc5 16. Rfe1 b5 17. Qd2 a5 18. Nc3 ({Better is} 18. a3 $11) 18... b4 $15 {[%emt 0:05:11] Hoping for ...Nxb3.} 19. Nd5 Rb8 20. Bc4 (20. Qe2 $15) 20... Bg4 (20... f5 21. exf5 Rxf5 22. Ne3 $16) ({Black should try} 20... Na4 $1 $17 {[%cal Ra4b2] Strongly threatening ...Nxb2!} 21. Bb3 (21. b3 Nb2 $17) 21... Nxb2) 21. Qe3 (21. b3 $11 {keeps the balance.}) 21... Ne6 (21... Na4 $1 $17 {[%cal Ra4b2] ...Nxb2! would be deadly.} 22. Bb3 (22. b3 Nb2 $17) 22... Nxb2) 22. b3 $11 Kh8 23. h3 Bh5 24. c3 Bb6 25. Qd3 Bc5 26. Rc1 Qb7 27. Nh4 Qa7 28. Qg3 (28. Rf1 $11) 28... bxc3 (28... g6 {with more complications.} 29. Nf6 Nf4 30. cxb4 axb4 31. Rc2 Qe7) 29. Nf5 Bg6 30. Rxc3 (30. Qxc3 $2 Bxf2+ 31. Kh1 Bxe1 32. Qxe1 a4 $19) 30... Bb4 (30... Nd4 $11) 31. Nxb4 $14 axb4 32. Rd3 Bxf5 {[%emt 0:00:49][%mdl 64] Remove Defender} 33. exf5 Nd4 34. Qg5 (34. f6 $1 $14 {was the only good move.} g6 35. Qe3) 34... Qd7 $2 {[%emt 0:01:50][%mdl 8192] [#]} (34... Qxa2 35. f6 Rg8 36. Bxf7 gxf6 37. Qxf6+ Rg7 38. Rg3 $18) (34... f6 $17 35. Qd2 Qc5) 35. Rxd4 $2 f6 $1 $36 {[%emt 0:01:20][%mdl 2048] Black has strong initiative.} 36. Qh5 {[%emt 0:00:37][%cal Oh5h7] White threatens Qxh7+! and mate.} exd4 37. Re4 {[%emt 0:00:25][%cal Oh5h7] [#] Qxh7+! would kill now.} h6 ({Black should play} 37... d5 $1 38. Rxd4 Qe7) 38. Rxd4 $17 Rfe8 39. Be6 Qc6 40. h4 Qc1+ 41. Kh2 Qc5 42. Qd1 Ra8 43. Qd2 {[%emt 0:02:12] Black continues to play with concentration.} (43. Rd2 $15) 43... Rxa2 $1 $19 {[%emt 0:01:05][%mdl 64] Deflection} 44. Qxb4 {[%emt 0:02:31] [#]} (44. Qf4 {is a better defense.}) 44... Qe5+ $1 ({And not} 44... Rxf2 45. Qxc5 dxc5 46. Rc4 $17) 45. f4 $2 (45. Kh3) 45... Qe2 (45... Qe3 $142 {( -> ...Qf2)} 46. Bd5 Re2) 46. Qb7 Qf2 47. Rd3 Ra1 (47... Qxf4+ $2 {perishes.} 48. Rg3 Qxh4+ 49. Rh3) (47... Qxh4+ $142 48. Rh3 Qxf4+ 49. Rg3 Qh4+ 50. Rh3 Qf2) 48. Rg3 {[%emt 0:05:40] [#]} (48. Qd7 {keeps fighting.} Rea8 49. Qxd6 Qxh4+ 50. Rh3) 48... Rh1+ $3 {[%emt 0:00:20][%mdl 576] Skewer, Deflection} 49. Kxh1 Qxg3 {[%emt 0:00:08][%mdl 4096] Endgame KQR-KQB} 50. b4 (50. Qc6 $142 Rd8 51. Qf3 Qxh4+ 52. Kg1) 50... Qxh4+ (50... Qxf4 $2 {too greedy.} 51. h5 $19) 51. Kg1 d5 52. b5 Qxf4 53. Qxd5 Qe3+ 54. Kh2 Qe5+ 55. Qxe5 fxe5 {[%emt 0:00:04] KR-KB} 56. g4 $2 {[%emt 0:02:08] [#]} (56. Bd7 Rd8 57. Bc6) 56... g6 $1 57. Bf7 (57. Kg3 Rb8) 57... Rb8 58. fxg6 Rxb5 {[%emt 0:00:24] Black mates.} 59. Kg3 Kg7 60. Kf3 Rb4 61. Kg3 Kf6 62. Kf3 Rf4+ 63. Kg3 Ra4 64. Kf3 Ra3+ 65. Kf2 e4 66. Kg2 Ra4 67. Kg3 e3 68. Kf3 {[%emt 0:00:10] [#]} Rxg4 $3 {[%emt 0:00:23][%mdl 576] Deflection, Promotion} 69. Kxe3 h5 70. Kf3 Rg5 71. Kf2 h4 {[%emt 0:00:09] A superb game by Fizer.   Weighted Error Value: White=0.68/Black=0.37} 0-1

[Event "CZE-ch U16 Open 2023"]
[Site "Teplice"]
[Date "2023.03.16"]
[Round "7.3"]
[White "Seidl, Jan"]
[Black "Paseka, Matyas"]
[Result "0-1"]
[ECO "E63"]
[WhiteElo "2025"]
[BlackElo "2082"]
[Annotator "TA"]
[PlyCount "94"]
[EventDate "2023.03.09"]
[EventType "swiss"]
[EventCountry "CZE"]
[SourceTitle "playchess.com"]
[Source "ChessBase"]
[SourceQuality "1"]
[TimeControl "40/5400+30:1800+30"]

1. d4 Nf6 2. c4 g6 3. Nf3 Bg7 4. g3 O-O 5. Bg2 d6 6. O-O a6 7. Nc3 Nc6 8. h3 Bd7 9. e4 e5 10. Be3 exd4 11. Nxd4 Re8 12. Re1 Qc8 13. Kh2 Re5 {[%emt 0:01:48] E63: King's Indian: Fianchetto: Panno Variation with 7...a6.} 14. g4 {[%emt 0:29:40] [#]} Bxg4 $146 ({Predecessor:} 14... Nxg4+ 15. hxg4 Bxg4 16. f3 Rh5+ 17. Kg1 Bh3 18. Nxc6 bxc6 19. Qd2 Rb8 20. Rac1 Be5 21. b3 {1-0 Yevseev,D (2520)-Erdogdu,M (2489) Lvov Vasylyshyn Memorial 2009 (2)}) 15. hxg4 $16 Nxg4+ {[%emt 0:00:08] White is better.} 16. Kg1 Nxe3 17. Rxe3 Rc5 18. Nxc6 bxc6 19. Qd3 Rb8 20. b3 Rh5 21. Rf1 c5 22. Ne2 Qg4 23. Rg3 Qh4 24. Rh3 {[%emt 0:00:14] Prevents Qh2+.} Qg4 {[%emt 0:00:20] And now ...Rxh3 would win.} 25. Qf3 Qxf3 26. Rxf3 Re8 27. Rd3 Rhe5 (27... Rh4 $16 28. Re1 h5) 28. Nf4 $18 f5 29. exf5 $1 Rxf5 30. Nd5 Bd4 31. Rd2 (31. Nxc7 $142 Re2 32. Bf3 (32. Nxa6 Bxf2+ 33. Kh2 Rxa2 $16) 32... Rg5+ 33. Kh1 Rxa2 34. Ne6) 31... Rf7 {[%emt 0:02:22] [#]} 32. Ne3 Kg7 ({Black should try} 32... Bxe3 $14 33. fxe3 Rxf1+ 34. Kxf1 Rxe3) 33. Nc2 Be5 34. Bd5 Rf4 35. f3 Ref8 36. Rb1 a5 37. Rg2 R8f5 38. Kf2 Rf8 39. Ke2 h6 (39... Rb8 $142 40. Be4 Rh4) 40. Be4 g5 41. Ne3 Bd4 42. Rh1 Re8 43. Kd2 Bxe3+ 44. Kxe3 Re5 45. Rg4 $4 {[%emt 0:03:13][%mdl 8192] [#]} (45. Rgh2 $18) 45... Rexe4+ $1 $19 {[%emt 0:00:18][%mdl 576] Deflection. Black is clearly winning.} 46. fxe4 (46. Kf2 Rxg4) 46... Rxg4 47. Rb1 Kf6 {Weighted Error Value: White=0.33/Black=0.25 (precise)} 0-1

[Event "CZE-ch U16 Open 2023"]
[Site "Teplice"]
[Date "2023.03.16"]
[Round "7.4"]
[White "Simunek, Jakub Simon"]
[Black "Dolensky, Filip"]
[Result "1/2-1/2"]
[ECO "B40"]
[WhiteElo "1970"]
[BlackElo "2108"]
[Annotator "TA"]
[PlyCount "85"]
[EventDate "2023.03.09"]
[EventType "swiss"]
[EventCountry "CZE"]
[SourceTitle "playchess.com"]
[Source "ChessBase"]
[SourceQuality "1"]
[TimeControl "40/5400+30:1800+30"]

1. e4 c5 2. Nf3 e6 3. c3 d5 4. exd5 Qxd5 5. d4 Nf6 6. Na3 a6 7. Nc4 Nbd7 8. Bd3 {[%emt 0:05:59] B22: Sicilian: 2 c3.} Be7 9. O-O O-O {[%emt 0:07:40] [#]} 10. Bg5 $146 {[%emt 0:09:15] White has an edge.} ({Predecessor:} 10. Re1 b5 11. Ne3 Qd6 12. Qe2 Re8 13. a4 c4 14. Bc2 Bb7 15. a5 Nd5 16. Nxd5 Qxd5 {½-½ Solomonova,L (2168)-Fatalibekova,E (2140) St Petersburg-ch Seniors (Women) 2022 (8)}) 10... b5 11. Nce5 cxd4 12. cxd4 Bb7 13. Rc1 Rad8 14. Bb1 Nxe5 (14... Rc8 {is more complex.} 15. Qe2 Rxc1 16. Rxc1 h6) 15. dxe5 Qxd1 16. Rfxd1 Nd5 {[%emt 0:02:35][%cal Bf6d5,Bd5e7,Be7c8][%mdl 32] Black is weak on the dark squares} 17. Bxe7 Nxe7 18. Rd6 Nc8 (18... Rc8 $5 19. Rcd1 Bxf3 20. gxf3 a5 $11) 19. Rxd8 Rxd8 20. Ng5 h6 21. Be4 Bxe4 22. Nxe4 $11 {[%emt 0:00:05][%mdl 4096] Endgame KRN-KRN} Ne7 23. g3 $1 Rc8 (23... Rd5 $11) 24. Rc5 (24. Rxc8+ $14 Nxc8 25. Nc5) 24... Rxc5 (24... Rd8 $11 {was preferrable.}) 25. Nxc5 {[%emt 0:00:16] KN-KN} a5 26. f4 Nc6 27. Kf2 Kf8 28. Ke3 Ke7 29. Ke4 f6 30. Nb7 a4 (30... fxe5 $11 31. fxe5 g6) 31. a3 (31. Nd6 $5 ) 31... Kd7 32. Nd6 b4 33. Nb5 bxa3 34. bxa3 {[%emt 0:00:08] And now exf6 would win.} Na5 $2 (34... fxe5 $11 35. fxe5 Na5) 35. exf6 $18 gxf6 {[%emt 0:00:10] [#]} 36. Nc3 (36. Kd3 $1 $16) 36... Nc4 $11 37. Nxa4 Nxa3 {[%emt 0:00:18] The position is equal.} 38. f5 e5 39. Nc3 {[%emt 0:00:34] Strongly threatening Nd5.} Ke7 40. Kd3 Kf7 41. g4 Kg7 42. h4 Kf7 43. Ke4 {Weighted Error Value: White=0.17 (very precise) /Black=0.20 (precise)} 1/2-1/2

[Event "CZE-ch U16 Open 2023"]
[Site "Teplice"]
[Date "2023.03.16"]
[Round "7.5"]
[White "Hladky, Tadeas"]
[Black "Mametev, Artem"]
[Result "0-1"]
[ECO "C03"]
[WhiteElo "1973"]
[BlackElo "2074"]
[Annotator "TA"]
[PlyCount "88"]
[EventDate "2023.03.09"]
[EventType "swiss"]
[EventCountry "CZE"]
[SourceTitle "playchess.com"]
[Source "ChessBase"]
[SourceQuality "1"]
[TimeControl "40/5400+30:1800+30"]

1. e4 {[%emt 0:00:02] ChessBase II} e6 2. d4 d5 3. Nd2 a6 4. Ngf3 Nf6 5. Bd3 c5 6. dxc5 dxe4 7. Nxe4 Nxe4 {[%emt 0:00:11] C03: French Tarrasch: Unusual Black 3rd moves.} 8. Bxe4 {[%emt 0:00:05] Qxd8+ would be deadly.} Qxd1+ 9. Kxd1 Bxc5 {[%emt 0:00:06] The position is equal.} 10. Ke2 Nd7 (10... f5 $5 11. Bd3 $8 Nc6 $11) 11. c3 Nf6 12. Bd3 {[%emt 0:01:26] [#]} b6 $146 ({Predecessor:} 12... Bd6 13. c4 Bd7 14. b3 e5 15. Ng5 Bc6 16. f3 h6 17. Ne4 Nxe4 18. Bxe4 Bxe4 19. fxe4 {1-0 Schroll,G (2449)-Svane,R (2216) EU-ch 12th Aix les Bains 2011 (8)}) 13. Be3 Bxe3 14. fxe3 Bb7 15. Rhd1 Ke7 16. Rac1 Rad8 17. b4 {[%emt 0:07:33] [#]} g5 $1 18. c4 g4 19. Ne1 (19. Ne5 $1 $11 {remains equal.}) 19... Ne4 (19... Rc8 {simplifies} 20. Kf1 Rhd8 21. Be2 Rxd1 22. Bxd1 a5) 20. c5 bxc5 21. bxc5 {[%emt 0:01:42] Threatens to win with c6.} Bc6 22. Rc4 f5 $36 {[%emt 0:06:47][%mdl 2048] ...Bb5 is the strong threat. Black is really pushing. Black is much more active.} 23. Rb1 Rc8 24. Rcc1 Bd5 25. Bxa6 Rxc5 26. Nd3 Rxc1 27. Rxc1 Bxa2 28. Nb4 Bb3 29. Rc7+ Kf6 30. Bd3 Bd5 (30... Nd6 $17 31. h4 h5) 31. Nxd5+ $11 exd5 32. Bxe4 dxe4 {[%emt 0:00:02][%mdl 4096] Endgame KR-KR} 33. Kf2 $1 h5 {[%emt 0:01:59] aiming for ...Kg5.} 34. Kg3 $1 Ra8 35. Kf4 Ra2 36. Rc6+ Ke7 37. Rh6 Rxg2 38. Rxh5 Rf2+ 39. Ke5 f4 40. exf4 e3 41. Kd4 e2 42. Re5+ Kf6 43. Kd3 Rxh2 {[%emt 0:00:17] ( -> ...g3)} 44. Kd2 $2 {[%emt 0:01:41][%mdl 8192] [#]} (44. Rxe2 $11 Rh3+ 45. Ke4) 44... g3 {[%emt 0:01:10] Weighted Error Value: White=0.24 (precise) /Black=0.08 (flawless)} 0-1

[Event "CZE-ch U16 Open 2023"]
[Site "Teplice"]
[Date "2023.03.16"]
[Round "7.6"]
[White "Kubin, Tomas Daniel"]
[Black "Werner, Hong Quan Dan"]
[Result "0-1"]
[ECO "B32"]
[WhiteElo "1936"]
[BlackElo "2085"]
[Annotator "TA"]
[PlyCount "104"]
[EventDate "2023.03.09"]
[EventType "swiss"]
[EventCountry "CZE"]
[SourceTitle "playchess.com"]
[Source "ChessBase"]
[SourceQuality "1"]
[TimeControl "40/5400+30:1800+30"]

1. e4 c5 2. Nf3 Nc6 3. d4 cxd4 4. Nxd4 e5 5. Nb5 d6 6. N1c3 a6 7. Na3 Be7 {[%emt 0:00:14] 7...Be6 is the modern continuation.} 8. Nc4 b5 {[%emt 0:02:53] B32: Sicilian: Löwenthal and Kalashnikov Variations.} 9. Ne3 (9. Qd5 Qc7 10. Ne3 b4 $15) 9... Nf6 10. Bd3 O-O {[%emt 0:03:49] White is slightly better.} 11. O-O Bb7 12. Ncd5 Nxd5 {[%emt 0:00:40] [#]} 13. exd5 $146 (13. Nxd5 $14 Bg5 14. Bxg5 Qxg5 15. a4) ({Predecessor:} 13. Nxd5 Bg5 14. c3 Bxc1 15. Rxc1 Ne7 16. c4 Nxd5 17. cxd5 Qb6 18. Be2 Kh8 19. Qd3 {0-1 Balzar,A (2322)-Gohil,H (2314) BL2-Sued 1314 2013 (9.6)}) 13... Nb8 (13... Nb4 $5 ) 14. Be4 (14. Qh5 g6 15. Qe2 f5 $15) (14. a4 $14) 14... g6 $15 15. f4 (15. a4 $15) 15... exf4 $17 16. Rxf4 Bg5 17. Rf1 Nd7 18. Kh1 Bxe3 ({Better is} 18... Re8 $17 19. Qf3 Qe7) 19. Bxe3 $15 Qe7 20. Qd4 f5 (20... Rfe8 $15 21. Bh6 Qe5) 21. Bf3 $11 Rac8 22. Rae1 Ne5 $36 {[%emt 0:00:46][%mdl 2048] Black has the initiative.} 23. Bf4 Rfe8 24. Qd2 Qf7 25. Bxe5 dxe5 26. d6 Rcd8 27. Bxb7 Qxb7 28. Rf3 (28. Qc3 $15) 28... e4 $1 $17 29. Rc3 Qd7 $1 30. Qd5+ Qe6 31. Qb7 (31. Rd3 {was called for.}) 31... Rxd6 $19 32. Rc7 Qf6 {[%emt 0:00:12] Prevents Rg7+} (32... Qxa2 33. Rxh7) 33. Rxh7 e3 {[%emt 0:00:35] Threatens to win with ...e2.} 34. Rh3 Qe7 {[%emt 0:02:19] Repels Qh7+} (34... Qg7 $142 35. Qxg7+ Kxg7) 35. Qf3 e2 (35... Qc7 $17 {aiming for ...Rd2.} 36. Qf1 Rde6) 36. Qb3+ $11 Kg7 37. Qc3+ $1 Rf6 38. Qd2 f4 39. Rd3 {[%emt 0:00:39] Wards off Rd8. Rd7 would be deadly.} Qe4 {[%emt 0:03:50] And now ...f3 would win.} 40. Rd4 Qe3 {[%emt 0:03:58] ( -> ...Qf2)} 41. Rd7+ Kh6 42. Qd4 (42. Rd3 $1 $11 {was the only way to keep the balance.} Qe5 43. Kg1) 42... Ree6 (42... Qxd4 43. Rxd4 f3 44. gxf3 $15) 43. Rd8 {[%emt 0:05:42] [#]} Re8 {[%emt 0:13:29] Inhibits Rh8+.} 44. Rd7 $1 $17 {[%emt 0:04:56] [#]} (44. Qxf6 Qf2) 44... Re5 $1 {[%emt 0:02:58][%cal Oe5h5] White must now prevent ...Rh5!} (44... Qxd4 45. Rxd4 f3 46. gxf3 $15) 45. Rd8 Kg5 46. h3 {[%emt 0:03:12] [#]} Kh4 (46... Qxd4 47. Rxd4 Kh4 48. Rd3 $15) (46... Rff5 $1 $17 {...Qg3 is the strong threat.} 47. b3 Qg3) 47. Qd7 $4 {[%emt 0:06:20][%mdl 8192] Now White is beyond hope.} (47. Qxe3 $15 Rxe3 48. Kh2) 47... Kg3 $19 {[%emt 0:01:55][%cal Bh4g3,Bg3f2,Bf2e1,Be1d1,Bd1c1][%mdl 32] Active counter play!} ({Not} 47... Qg3 48. Rxe2 (48. Rh8+ Rh5 $11) 48... Rxe2 49. Rh8+ Kg5 50. Qd5+ (50. h4+ Qxh4+ 51. Rxh4 Kxh4 $17) 50... Rf5 51. Qd8+ Rf6 52. Qd5+ Rf5 53. Qd8+ Rf6 54. Qd5+ $11) 48. Qg4+ Kf2 {[%emt 0:00:06] Black mates.} 49. Rd3 Kxe1 50. Rxe3 fxe3 51. Qh4+ Kd1 52. Qd4+ Kc1 {[%emt 0:00:13] A cool game by Werner.   Weighted Error Value: White=0.38/Black=0.18 (very precise)} 0-1

[Event "CZE-ch U16 Open 2023"]
[Site "Teplice"]
[Date "2023.03.16"]
[Round "7.7"]
[White "Hozda, Max"]
[Black "Janous, Marek"]
[Result "0-1"]
[ECO "A58"]
[WhiteElo "2067"]
[BlackElo "2124"]
[Annotator "TA"]
[PlyCount "56"]
[EventDate "2023.03.09"]
[EventType "swiss"]
[EventCountry "CZE"]
[SourceTitle "playchess.com"]
[Source "ChessBase"]
[SourceQuality "1"]
[TimeControl "40/5400+30:1800+30"]

1. d4 Nf6 2. c4 c5 3. d5 b5 4. cxb5 a6 5. bxa6 g6 6. Nc3 {[%emt 0:00:06] A58: Benko/Volga Gambit: Lines with 5 bxa6.} Bg7 7. e4 {[%emt 0:00:28] Black must now prevent e5.} O-O 8. Nf3 {[%emt 0:01:23] White is slightly better.} Qa5 9. Bd2 Bxa6 10. Bxa6 Qxa6 11. Qe2 e6 12. dxe6 fxe6 13. Qxa6 Nxa6 14. O-O Nb4 15. Ne1 (15. b3 $5 ) 15... d5 16. exd5 exd5 17. a3 {[%emt 0:01:58] [#]} (17. a4 $11 {might be stronger.}) 17... d4 $146 {[%emt 0:22:06][%mdl 1024] Black has compensation.} ({Predecessor:} 17... Nc6 18. Bg5 Ne4 19. Nxe4 dxe4 20. Rc1 Rf5 21. Be3 Nd4 22. Kh1 Nb3 23. Rc4 Bxb2 24. Rxe4 Rxa3 {½-½ Tuomainen,F (2087)-Marek,M (2389) EU-ch U18 26th 2016 (1)}) 18. Ne2 Nbd5 $1 19. Ng3 c4 {[%emt 0:04:01] Black is more active.} 20. Nc2 d3 {[%emt 0:01:08][%cal Of6h5] [#] And now ...Nh5! would win.} 21. Nd4 $2 {[%emt 0:03:24][%mdl 8192] This costs White the game.} (21. Nb4 $17) 21... Rfb8 $19 22. Rab1 Ng4 23. Bc3 (23. Nc6 Rxb2 24. Rbd1) 23... Nxc3 {[%emt 0:00:20] Black is clearly winning.} 24. bxc3 Bxd4 25. cxd4 Rxb1 26. Rxb1 Nf6 {[%emt 0:01:30][%cal Oc4c3] [#] ...c3! would be deadly.} 27. Nf1 c3 {[%emt 0:02:01][%cal Oc3c2] Strongly threatening ...c2!} 28. f3 Re8 {[%emt 0:01:24] Weighted Error Value: White=0.87/Black=0.28 (precise)} 0-1

[Event "CZE-ch U16 Open 2023"]
[Site "Teplice"]
[Date "2023.03.16"]
[Round "7.8"]
[White "Vilimek, Vit"]
[Black "Svoboda, Daniel"]
[Result "1/2-1/2"]
[ECO "B90"]
[WhiteElo "2018"]
[BlackElo "1748"]
[Annotator "TA"]
[PlyCount "101"]
[EventDate "2023.03.09"]
[EventType "swiss"]
[EventCountry "CZE"]
[SourceTitle "playchess.com"]
[Source "ChessBase"]
[SourceQuality "1"]
[TimeControl "40/5400+30:1800+30"]

1. e4 c5 2. Nf3 d6 3. d4 cxd4 4. Nxd4 Nf6 5. Nc3 a6 6. Rg1 e5 7. Nb3 Be6 8. g4 {[%emt 0:00:10] B90: Sicilian Najdorf: Unusual White 6th moves, 6 Be3 Ng4 and 6 Be3 e5.} h6 9. h4 Nfd7 10. g5 {[%emt 0:04:40] White is slightly better.} hxg5 11. hxg5 g6 {[%emt 0:03:08] [#]} 12. Qf3 $146 ({Predecessor:} 12. Be3 Nc6 13. Qd2 Na5 14. O-O-O Nxb3+ 15. axb3 Qa5 16. Kb1 Rc8 17. f4 Be7 18. Bg2 exf4 19. Bxf4 {½-½ Rothuis,V (2346)-Firouzja,A (2728) Katara Bullet Final blitz 2020 (2.1)}) 12... Be7 13. Bd2 Nc6 14. O-O-O (14. Nd5 a5 15. c3 a4 $11) 14... b5 (14... a5 $14) 15. Nd5 $16 Nb6 (15... Bf8 $16 {keeps fighting.}) 16. Rh1 $18 Rxh1 17. Qxh1 Nc4 (17... Rc8 $18) 18. Nxe7 (18. f4 $16) 18... Kxe7 $11 19. Be3 (19. Bc3 $11) 19... Nxe3 $17 20. fxe3 Nb4 21. Qf3 Qc7 $1 22. Qf6+ Kd7 $1 23. Na1 (23. Rd2 $17 {only move.} Nxa2+ 24. Kb1) 23... Nxa2+ (23... Bxa2 24. Bh3+ Kc6 25. c3 $18) (23... Rc8 $19 24. Rd2 Nxa2+ 25. Kb1 Kc6) 24. Kb1 Kc8 {[%emt 0:03:03] And now ...Kb7 would win.} 25. Bh3 {[%emt 0:03:35][%mdl 64] Decoy} Bxh3 26. Qh8+ Kb7 27. Qxh3 Nb4 28. c3 Nc6 29. Qf1 Na5 (29... Nd8 $142 $1 30. Nc2 Ne6) 30. Nc2 Nc4 (30... Ka7 $17) 31. Qd3 $11 Rd8 32. Qd5+ (32. b3 $11 {keeps the balance.} Nb6 33. Rf1) 32... Ka7 $17 33. Rf1 Rd7 $1 34. b3 Nb6 35. Qd3 d5 36. Nb4 dxe4 37. Qxe4 Rd6 {[%emt 0:00:30] Prevents Nc6+} (37... Qxc3 $17 38. Nc6+ Ka8 39. Na5+ Nd5) 38. Rf6 $2 {[%emt 0:00:48] [#]} (38. Qxe5 $11 {and White stays safe.} Rd7 39. Rf6) 38... Rxf6 $1 $19 39. gxf6 {[%emt 0:00:01][%mdl 4096] Endgame KQN-KQN} a5 ({Don't take} 39... Qxc3 40. Nc6+ Kb7 41. Na5+ (41. Qxe5 $2 {too greedy.} Qxb3+ 42. Kc1 Qa3+ 43. Kc2 Qa2+ 44. Kd1 Kxc6 $19) 41... Kc7 42. Qb7+ Kd6 43. Qxb6+ Kd5 44. Qb7+ (44. Qxa6 Qe1+ 45. Kc2 Qe2+ 46. Kc1 Qe1+ 47. Kc2 Qe2+ 48. Kc1 Qe1+ 49. Kc2 $11) 44... Ke6 45. Qxa6+ Kf5 46. Qxb5 $16) ({Black should play} 39... Nd7 $19 40. Nc6+ Kb6) 40. Nc6+ $2 (40. Qxe5 $1 $15 Qxe5 41. Nc6+ Kb7 42. Nxe5) 40... Ka6 {[%emt 0:00:10] White must now prevent ...g5.} 41. Kb2 {[%emt 0:05:26] [#]} (41. Kc2 $142 Nd7 42. b4) 41... Qd6 $2 (41... Qb7 $1 $19 {Hoping for ...g5.} 42. Kc1 g5) 42. Nxe5 Qxf6 43. Nd3 (43. Nc6 $17) 43... Qd6 (43... b4 $19 44. Qd4 Qxd4 45. cxd4 g5) 44. b4 $2 (44. Kc2 $17) 44... Qh2+ $2 ({Black should try} 44... f5 $19 45. Qd4 Nc4+ 46. Kc1 Qxd4 47. cxd4 Nxe3 48. bxa5 Kxa5) 45. Kc1 {[%emt 0:00:34] Intending Nc5+ and mate.} Qg1+ 46. Kc2 Qh2+ 47. Kd1 {[%emt 0:01:43] White threatens Nc5+ and mate.} Qg1+ (47... Qd6 $5 48. Kc2 f5 $17) 48. Ke2 {[%emt 0:00:07] Nc5+ would kill now. The position is equal.} (48. Kc2 $5 Qh2+ $8 49. Kb1 Qg1+ 50. Kc2 $11) 48... Qh2+ 49. Kf1 {[%emt 0:00:15] Threatening mate with Nc5+.} Qh3+ 50. Kg1 {[%emt 0:00:09] White wants to mate with Nc5+.} Qg3+ 51. Kf1 {[%emt 0:00:12] Both players deserved the win here.   Weighted Error Value: White=0.48/Black=0.48} 1/2-1/2